 Dungeon Sprint DCSS version 0.31-a0-851-g7ff8af7976 (webtiles) character file.

Game seed: 17402309293847811072

6430 sircluck the Brawler (level 10, -2/178 HPs)
             Began as a Troll Berserker on Oct 5, 2023.
             Was a High Priest of Trog.
             Slain by a hell hog (11 damage)
             ... in the Dungeon (Sprint VII: "The Pits").
             The game lasted 00:02:34 (940 turns).

sircluck the Brawler (Troll Berserker)               Turns: 940, Time: 00:02:35

Health: -2/178     AC:  4    Str: 31    XL:     10   Next: 67%
Magic:  9/9        EV: 14    Int:  6    God:    Trog [*****.]
Gold:   0          SH:  0    Dex: 12    Spells: 9/9 levels left

rFire   . .          .
                       - Unarmed
rCold   . . .        (no shield)
rNeg    . . .        a - +0 animal skin
rPois   .            (helmet restricted)
rElec   .            (no cloak)
rCorr   .            (gloves unavailable)
SInv    .            (boots unavailable)
Will    .....        (no amulet) Stlth
                     l - +3 ring of dexterity
HPRegen 1.29/turn    k - +3 ring of intelligence
MPRegen 0.11/turn

%: no teleportation
@: berserking, very quick
A: large, unfitting armour, claws 3, regeneration 1, shaggy fur 1, tough skin 1
a: Renounce Religion, Berserk, Trog's Hand, Brothers in Arms


You were in the Dungeon.
You worshipped Trog.
Trog was extremely pleased with you.
You visited 1 branch

Inventory:

Armour
 a - a +0 animal skin (worn)
Jewellery
 k - a +3 ring of intelligence (right claw)
 l - a +3 ring of dexterity (left claw)
Scrolls
 g - a scroll of blinking
 i - 2 scrolls of vulnerability
 j - a scroll of butterflies
Potions
 b - 6 potions of curing
 c - 14 potions of heal wounds
 d - 2 potions of haste
 e - 4 potions of magic
 f - 3 potions of berserk rage
 h - 2 potions of invisibility
 m - a potion of mutation


   Skills:
 + Level 13.0 Fighting
 + Level 12.9 Dodging
 + Level 15.1 Unarmed Combat


You had 9 spell levels left.
You didn't know any spells.
Your spell library was empty.

Dungeon Overview and Level Annotations

Branches:
Dungeon (1/1)

Altars:
Ashenzari
Cheibriados
Dithmenos
Elyvilon
Fedhas
Gozag
Hepliaklqana
Kikubaaqudgha
Makhleb
Nemelex Xobeh
Okawaru
Qazlal
Ru
Sif Muna
Trog
Uskayaw
Vehumet
Wu Jian
Xom
Yredelemnul
Zin
The Shining One
Jiyva
Lugonu


Innate Abilities, Weirdness & Mutations

You are too large for most types of armour.
You have claws for hands.
Your natural rate of healing is unusually fast.
You are covered in fur. (AC +1)
You have tough skin. (AC +1)


Message History

You barely miss the hell hog. The hell hog misses you.
You completely miss the hell hog.
Your ogre hits the hell hog with a +0 giant club!!
You claw the hell hog!
The hell hog is heavily wounded.
The hell hog bites you!
* * * LOW HITPOINT WARNING * * *
You closely miss the hell hog.
The hell hog is heavily wounded.
The guardian mummy hits you!
* * * LOW HITPOINT WARNING * * *
The hell hog bites you.
* * * LOW HITPOINT WARNING * * *
You mangle the hell hog!!
You feel the power of Trog in you as your rage grows.
You kill the hell hog!
Trog accepts your kill.
You hear an angry squeal.
Your ogre hits the guardian mummy with a +0 giant club!!!
Your Unarmed Combat skill increases to level 15!
You barely miss the guardian mummy.
The guardian mummy is almost destroyed.
A hell hog comes into view.
The guardian mummy hits you!
* * * LOW HITPOINT WARNING * * *
You claw the guardian mummy!
You destroy the guardian mummy!
Trog accepts your kill.
You feel extremely nervous for a moment...
Your body is wracked with pain!
* * * LOW HITPOINT WARNING * * *
Your ogre rages.
Your Fighting skill increases to level 13!
You claw the hell hog!
The hell hog is moderately wounded.
Your ogre hits the hell hog with a +0 giant club!!
You claw the hell hog!
The hell hog is severely wounded.
The hell hog bites you!
You die...

###################+#
.................†..#
...........)....@hO.#
##++##############..#
.# #


You could see a hell hog (ally target) and a friendly ogre (summoned, berserk).

Vanquished Creatures
  A merfolk avatar (D)
  A hell hog (D)
  A death yak (D)
  A deep elf pyromancer (D)
  A large abomination (D)
  A merfolk siren (D)
  A guardian mummy (D)
  A tarantella (D)
  A redback (D)
  A water moccasin (D)
  Pargi (D)
  An ogre (D)
  2 wolves (D)
  A centaur (D)
  A scorpion (D)
  A necrophage (D)
  A quasit (D)
  A hound (D)
  3 gnolls (D)
  2 river rats (D)
  A white imp (D)
  4 orcs (D)
  A giant cockroach (D)
  2 quokkas (D)
  A ball python zombie (D)
  A rat (D)
34 creatures vanquished.

Vanquished Creatures (collateral kills)
  2 hell hogs (D)
  A deep troll (D)
  A rime drake (D)
  A steam dragon (D)
  2 wolves (D)
  An earth elemental (D)
8 creatures vanquished.

Grand Total: 42 creatures vanquished

Notes
Turn   | Place    | Note
-------+----------+-------------------------------------------
     0 | D        | sircluck the Troll Berserker began the quest for the Orb.
     0 | D        | Reached XP level 1. HP: 22/22 MP: 0/0
    11 | D        | Noticed a tarantella
    11 | D        | Noticed a redback
    33 | D        | Found a bloodstained altar of Trog.
    33 | D        | Found a shimmering blue altar of Sif Muna.
    33 | D        | Found a viscous altar of Jiyva.
    33 | D        | Found a hazy altar of Hepliaklqana.
    33 | D        | Found an opulent altar of Gozag.
    34 | D        | Found a glowing golden altar of the Shining One.
    34 | D        | Found a glowing silver altar of Zin.
    34 | D        | Found a basalt altar of Yredelemnul.
    34 | D        | Found a shimmering altar of Xom.
    34 | D        | Found an ornate altar of the Wu Jian Council.
    34 | D        | Found a sacrificial altar of Ru.
    34 | D        | Found a stormy altar of Qazlal.
    34 | D        | Found an iron altar of Okawaru.
    34 | D        | Found a sparkling altar of Nemelex Xobeh.
    34 | D        | Found a burning altar of Makhleb.
    34 | D        | Found a blossoming altar of Fedhas.
    34 | D        | Found a white marble altar of Elyvilon.
    34 | D        | Found a shadowy altar of Dithmenos.
    34 | D        | Found a snail-covered altar of Cheibriados.
    37 | D        | Found a corrupted altar of Lugonu.
    37 | D        | Found a radiant altar of Vehumet.
    38 | D        | Found an ancient bone altar of Kikubaaqudgha.
    38 | D        | Found a hide-covered altar of Uskayaw.
    38 | D        | Found a broken altar of Ashenzari.
    82 | D        | Reached XP level 2. HP: 11/31 MP: 1/1
    83 | D        | Reached ** piety under Trog
    84 | D        | Reached skill level 4 in Unarmed Combat
   108 | D        | Reached XP level 3. HP: 39/39 MP: 2/2
   123 | D        | Noticed a scorpion
   124 | D        | Noticed a wolf
   134 | D        | Killed a wolf
   134 | D        | Reached *** piety under Trog
   135 | D        | Reached skill level 5 in Fighting
   135 | D        | Reached skill level 5 in Dodging
   135 | D        | Reached skill level 6 in Unarmed Combat
   135 | D        | Reached XP level 4. HP: 11/50 MP: 3/3
   140 | D        | Killed a scorpion
   141 | D        | Reached XP level 5. HP: 20/59 MP: 4/4
   144 | D        | Reached skill level 7 in Unarmed Combat
   223 | D        | Noticed Pargi
   235 | D        | Killed Pargi
   235 | D        | Reached **** piety under Trog
   236 | D        | Reached XP level 6. HP: 68/68 MP: 5/5
   283 | D        | Noticed a water moccasin
   296 | D        | Killed a water moccasin
   297 | D        | Reached skill level 8 in Unarmed Combat
   305 | D        | Reached skill level 9 in Unarmed Combat
   305 | D        | Reached XP level 7. HP: 74/79 MP: 6/6
   321 | D        | Reached ***** piety under Trog
   343 | D        | Received a gift from Trog
   368 | D        | Noticed a death yak
   387 | D        | Killed a death yak
   388 | D        | Reached skill level 11 in Unarmed Combat
   388 | D        | Reached XP level 8. HP: 90/92 MP: 7/7
   481 | D        | Killed a tarantella
   579 | D        | Noticed a deep elf pyromancer
   697 | D        | Noticed a merfolk avatar
   704 | D        | Killed a deep elf pyromancer
   705 | D        | Reached skill level 10 in Fighting
   705 | D        | Reached skill level 10 in Dodging
   705 | D        | Reached skill level 12 in Unarmed Combat
   705 | D        | Reached XP level 9. HP: 75/102 MP: 8/8
   705 | D        | Noticed a rime drake
   707 | D        | Killed a rime drake
   711 | D        | Killed a merfolk avatar
   711 | D        | Received a gift from Trog
   712 | D        | Reached skill level 13 in Unarmed Combat
   724 | D        | Noticed a deep troll
   730 | D        | Killed a deep troll
   748 | D        | Noticed a large abomination
   756 | D        | Killed a large abomination
   757 | D        | Reached skill level 14 in Unarmed Combat
   757 | D        | Reached XP level 10. HP: 115/115 MP: 9/9
   889 | D        | Noticed a merfolk siren
   899 | D        | Killed a merfolk siren
   899 | D        | Reached ****** piety under Trog
   924 | D        | Noticed a hell hog
   924 | D        | Noticed a hell hog
   925 | D        | Noticed a hell hog
   929 | D        | Killed a hell hog
   931 | D        | Killed a hell hog
   931 | D        | Received a gift from Trog
   936 | D        | Killed a hell hog
   937 | D        | Reached skill level 15 in Unarmed Combat
   937 | D        | Noticed a hell hog
   938 | D        | HP: 7/177 [torment (4)]
   940 | D        | Slain by a hell hog

Illustrated notes

Levels and vault maps discovered:
D:        pitsprint [storerooms_1, entrance_room_1, metal_vault_4, armoury_1,
          mini_pit_1, grid_room_1, main_hall_1, silver_pit, the_coven_2,
          the_vestibule_1, steel_vault_5, golden_pit, hallway_of_sentries,
          crystal_vault_4, iron_vault_5, final_vault]

Skill      XL: |  1  2  3  4  5  6  7  8  9 10 |
---------------+-------------------------------+-----
Fighting       | 3 5 6 7 9 10 12 13 | 13.0
Dodging        | 3 5 6 7 9 10 11 12 | 12.9
Unarmed Combat | 4 6 7 9 11 12 14 15 | 15.1

Action                     |  1- 3 |  4- 6 |  7- 9 | 10-12 || total
---------------------------+-------+-------+-------+-------++-------
  Melee: Unarmed           |    22 |    21 |    52 |    19 ||   114
         Punch             |       |       |     7 |     1 ||     8
 Invoke: Berserk           |       |     1 |     3 |     1 ||     5
         Brothers in Arms  |       |       |     1 |     1 ||     2
 Armour: Animal skin       |    23 |     6 |    28 |    12 ||    69
  Dodge: Dodged            |    20 |    10 |    24 |     2 ||    56

Table legend: (Time is in decaauts)
 A = Elapsed time spent in this place.
 B = Non-inter-level travel time spent in this place.
 C = Inter-level travel time spent in this place.
 D = Time resting spent in this place.
 E = Time spent auto-exploring this place.
 F = Levels seen in this place.
 G = Mean time per level.
                   A        B        C        D        E       F      G
               +--------+--------+--------+--------+--------+-----+--------+
         Total |    953 |    897 |     56 |    428 |    151 |   1 |  953.0 |
       Dungeon |    953 |    897 |     56 |    428 |    151 |   1 |  953.0 |
               +--------+--------+--------+--------+--------+-----+--------+

Top non-repeatable levels by time:
       D: 953 daAuts
